 Dungeon Sprint DCSS version 0.31-a0-636-ge1c0e020e0 (webtiles) character file.

Game seed: 14770310559478146274

14045 Conn the Scorcher (level 12, -1/68 HPs)
             Began as an Octopode Fire Elementalist on Aug 26, 2023.
             Was a High Priest of Sif Muna.
             Slain by a golden dragon (9 damage)
             ... in the Dungeon (Sprint II: "The Violet Keep of Menkaure").
             The game lasted 00:29:53 (2334 turns).

Conn the Scorcher (Octopode Fire Elementalist)      Turns: 2334, Time: 00:29:55

Health: -1/68      AC:  3    Str:  7    XL:     12   Next: 12%
Magic:  17/40      EV: 15    Int: 25    God:    Sif Muna [*****.]
Gold:   177        SH:  0    Dex: 13    Spells: 5/42 levels left

rFire   + +          .
                       - Unarmed
rCold   x . .        (no shield)
rNeg    + . .        f - +2 hat
rPois   +            (no amulet)
rElec   .            m - ring of wizardry
rCorr   .            b - ring of fire
SInv    .            g - ring "Jiewuikk" {rPois rN+ Will+}
Will    +....        h - ring "Cajuhad" {Contam rF+ MP+9 Int+3}
Stlth   +++++        (no ring)
HPRegen 0.31/turn    (no ring)
MPRegen 0.27/turn    (no ring)
                     (no ring)

%: no teleportation, wizardry (x1)
@: no status effects
A: almost no armour, amphibious, 8 rings, camouflage 1, gelatinous body 1,
nimble swimmer 1, tentacles
a: Renounce Religion, Channel Magic, Forget Spell, Divine Exegesis


You were in the Dungeon.
You worshipped Sif Muna.
Sif Muna was extremely pleased with you.
You visited 1 branch You collected 1878 gold pieces.
You spent 1701 gold pieces at shops.

Inventory:

Missiles
 l - a throwing net
Armour
 f - a +2 hat (worn)
Jewellery
 b - a ring of fire (right tentacle)
 g - the ring "Jiewuikk" (on tentacle) {rPois rN+ Will+}
   (You bought it in a shop in the Dungeon)

   [ring of willpower]

   rPois:     It protects you from poison rN+: It protects you from negative
   energy.
   Will+:     It increases your willpower.
 h - the ring "Cajuhad" (on tentacle) {Contam rF+ MP+9 Int+3}
   (You bought it in a shop in the Dungeon)

   [ring of magical power]

   Int+3:     It affects your intelligence (+3).
   rF+:       It protects you from fire.
   MP+9:      It affects your magic capacity (+9).
   Contam:    It causes magical contamination when unequipped.
 m - a ring of wizardry (left tentacle)
Scrolls
 i - a scroll of immolation
 k - a scroll of fear
 n - a scroll of vulnerability
Potions
 a - 4 potions of magic
 c - a potion of heal wounds
 d - 2 potions of haste
 e - a potion of might
 o - 3 potions of resistance
 p - a potion of mutation
 q - a potion of attraction {unknown}
 r - 5 potions of enlightenment
 s - a potion of berserk rage
 t - a potion of lignification


   Skills:
 + Level 1.0 Fighting
 + Level 5.9 Dodging
 - Level 6.5 Stealth
 - Level 1.3 Unarmed Combat
 + Level 15.6 Spellcasting
 + Level 10.5 Conjurations
 + Level 3.6 Hexes
 - Level 8.2 Summonings
 + Level 1.2 Translocations
 + Level 16.6 Fire Magic
 + Level 1.7 Air Magic
 + Level 2.0 Poison Magic
 * Level 12.1 Invocations


You had 5 spell levels left.
You knew the following spells:

 Your Spells              Type           Power      Damage    Failure   Level
a - Foxfire               Conj/Fire      100%       2x1d9     0%          1
b - Scorch                Fire           100%       2d9       0%          2
c - Inner Flame           Hex/Fire       81%        N/A       1%          3
d - Flame Wave            Conj/Fire      93%        2d20      1%          4
e - Starburst             Conj/Fire      46%        6d13      1%          6
f - Swiftness             Air            28%        N/A       1%          3
g - Summon Cactus Giant   Summ           28%        N/A       6%          6
h - Mephitic Cloud        Conj/Pois/Air  43%        N/A       1%          3
i - Blink                 Tloc           50%        N/A       1%          2
j - Hailstorm             Conj/Ice       45%        3d10      1%          3
k - Vhi's Electric Charg  Tloc/Air       54%        N/A       1%          3
l - Summon Small Mammal   Summ           100%       N/A       1%          1

Your spell library contained the following spells:

 Spells                   Type           Power      Damage    Failure   Level
 Magic Dart               Conj           100%       1d8       1%          1
 Call Imp                 Summ           100%       N/A       1%          2
 Ensorcelled Hibernation  Hex/Ice        56%        N/A       1%          2
 Lesser Beckoning         Tloc           50%        N/A       1%          2
 Momentum Strike          Conj/Tloc      98%        3d10      1%          2
 Passwall                 Tmut/Erth      15%        N/A       1%          2
 Searing Ray              Conj           100%       2d8       1%          2
 Dazzling Flash           Conj/Hex       100%       N/A       1%          3
 Ignite Poison            Fire/Tmut/Pois 66%        N/A       1%          3
 Volatile Blastmotes      Fire/Tloc      100%       2d18      1%          3
 Fireball                 Conj/Fire      46%        3d18      1%          5
 Frozen Ramparts          Ice            38%        1d6       3%          3
 Irradiate                Conj/Tmut      22%        3d19      3%          5
 Passage of Golubria      Tloc           25%        N/A       6%          4
 Freezing Cloud           Conj/Ice/Air   20%        6-21      6%          5
 Orb of Destruction       Conj           32%        9d10      12%         7
 Summon Hydra             Summ           28%        N/A       30%         7
 Malign Gateway           Summ/Tloc      21%        N/A       75%         7
 Maxwell's Capacitive Co  Air            14%        ∞         100%        8
 Polar Vortex             Ice            9%         12d1*     100%        9


Dungeon Overview and Level Annotations

Branches:
Dungeon (1/1)

Altars:
Cheibriados
Dithmenos
Elyvilon
Fedhas
Gozag
Hepliaklqana
Kikubaaqudgha
Makhleb
Nemelex Xobeh
Okawaru
Qazlal
Ru
Sif Muna
Trog
Uskayaw
Vehumet
Wu Jian
Xom
Yredelemnul
Zin
The Shining One
Jiyva
Lugonu

Shops:
D *[(::?===([:*[[[[=!*[=![[?(

Annotations:
D exclusions: obsidian statue and oklob plant


Innate Abilities, Weirdness & Mutations

You cannot wear most types of armour.
You are amphibious.
You can wear up to eight rings at the same time.
Your skin changes colour to match your surroundings (Stealth+).
Your rubbery body absorbs attacks. (AC +1, EV +1)
You are camouflaged when in or above water. (Stealth+)
You have tentacles for arms and can constrict up to eight enemies at once.


Message History

The golden dragon resists.
The golden dragon is severely wounded.
The bolt of fire hits the frost giant!!!
You kill the frost giant!
Sif Muna accepts your kill.
You see here Sif Muna's Reference Book on Quantum Sidekicks {god gift}.
Sif Muna grants you a gift!
The cacodemon is engulfed in blazing flames.
The deep elf high priest is no longer giving off an aura.
The golden dragon bites you!!
* * * LOW HITPOINT WARNING * * *
The golden dragon claws you!
* * * LOW HITPOINT WARNING * * *
The golden dragon closely misses you.
The bone dragon bites something!!
Your Fighting skill increases to level 1!
Your Invocations skill increases to level 12!
Unknown command.
Unknown command.
Unknown command.
Okay, then.
Unknown command.
Unknown command.
Unknown command.
Unknown command.
Unknown command.
Casting: Starburst (dangerous; 1% risk of failure)
Confirm with . or Enter, or press ? or * to list all spells.
Casting: Starburst (dangerous; 1% risk of failure)
Press: ? - help, Dir - look around, f - activate You feel a surge of power!
The bolt of fire hits the golden dragon!!
The golden dragon resists.
The golden dragon is almost dead.
The bolt of fire hits the cacodemon!!
The cacodemon is moderately wounded.
The bolt of fire misses the deep elf high priest.
The storm dragon is engulfed in blazing flames.
The golden dragon completely misses you.
The golden dragon claws you!
You die...

########### #......'..#
#......#÷†####
#'######'##..####'####
#∩∩∩∩∩∩#..'.##.○○°○..##
#∩∩∩∩∩∩#..###○°°°.....##
#########..+○°°..○.....#
..##DeD####...°○○...
....§)☼.2D@##..○°.z○
############§§#+++#+++##
###########)§§.........#
##.......∩#~~~~.##+##..#
##∩.....∩.#§~~~###.###.####
##.∩...∩.∩#~~~~#..#..#....#
##∩...∩.∩.#~~####†#.####..##
##.∩.∩.∩..#~##.###'###.##..#
##..∩.∩...#)#...##.##.###..#


You could see a bone dragon, a golden dragon, a storm dragon, a cacodemon and a
deep elf high priest.

Vanquished Creatures
  A frost giant (D)
  A centaur warrior (D)
  2 boulder beetles (D)
  2 hell hogs (D)
  A skeletal warrior (D)
  A death drake (D)
  2 deep trolls (D)
  3 shining eyes (D)
  A merfolk siren (D)
  An elephant (D)
  A yaktaur (D)
  A kobold demonologist (D)
  3 polar bears (D)
  A hornet (D)
  5 flying skulls (D)
  2 wyverns (D)
  Menkaure (D)
  5 water moccasins (D)
  A swamp drake (D)
  3 black bears (D)
  A necrophage (D)
  4 scorpions (D)
  An iron imp (D)
  A hell rat (D)
  3 worms (D)
48 creatures vanquished.

Vanquished Creatures (collateral kills)
  Kirke (D)
  2 unseen horrors (D)
  7 flying skulls (D)
10 creatures vanquished.

Vanquished Creatures (others)
  A yaktaur captain (D)
  A wyvern (D)
  127 foxfires (D)
  12 tentacles (D)
141 creatures vanquished.

Grand Total: 199 creatures vanquished

Notes
Turn   | Place    | Note
-------+----------+-------------------------------------------
     0 | D        | Conn the Octopode Fire Elementalist began the quest for the
                  | Orb.
     0 | D        | Reached XP level 1. HP: 11/11 MP: 3/3
     1 | D        | Noticed a scorpion
     1 | D        | Noticed a scorpion
     1 | D        | Noticed a scorpion
     1 | D        | Noticed a scorpion
    11 | D        | Killed a scorpion
    12 | D        | Reached skill level 6 in Fire Magic
    12 | D        | Reached XP level 2. HP: 17/17 MP: 0/6
    12 | D        | Reached XP level 3. HP: 21/21 MP: 0/8
    12 | D        | Reached XP level 4. HP: 27/27 MP: 0/9
    12 | D        | Killed a scorpion
    13 | D        | Reached skill level 1 in Unarmed Combat
    13 | D        | Reached skill level 7 in Fire Magic
    13 | D        | Reached XP level 5. HP: 31/31 MP: 0/11
    18 | D        | Reached skill level 5 in Spellcasting
    18 | D        | Reached skill level 8 in Fire Magic
    39 | D        | Noticed Menkaure
    39 | D        | Noticed a boulder beetle
    39 | D        | Noticed a boulder beetle
    42 | D        | Learned a level 2 spell: Scorch
    42 | D        | Killed Menkaure
    42 | D        | Noticed a merfolk siren
    43 | D        | Reached skill level 5 in Stealth
    43 | D        | Reached XP level 6. HP: 33/36 MP: 3/15
    52 | D        | Killed a merfolk siren
    53 | D        | Reached skill level 5 in Dodging
    53 | D        | Reached skill level 5 in Conjurations
    53 | D        | Reached skill level 10 in Fire Magic
    53 | D        | Reached XP level 7. HP: 25/41 MP: 4/18
    90 | D        | Found a snail-covered altar of Cheibriados.
    91 | D        | Found a shadowy altar of Dithmenos.
    91 | D        | Found a viscous altar of Jiyva.
    92 | D        | Found a white marble altar of Elyvilon.
    92 | D        | Found an ancient bone altar of Kikubaaqudgha.
    93 | D        | Found a blossoming altar of Fedhas.
    93 | D        | Found a corrupted altar of Lugonu.
    93 | D        | Found a shimmering blue altar of Sif Muna.
    94 | D        | Found an opulent altar of Gozag.
    94 | D        | Found a burning altar of Makhleb.
    94 | D        | Found a bloodstained altar of Trog.
    95 | D        | Found a sparkling altar of Nemelex Xobeh.
    95 | D        | Found a hide-covered altar of Uskayaw.
    96 | D        | Found a basalt altar of Yredelemnul.
    97 | D        | Found an iron altar of Okawaru.
    97 | D        | Found a radiant altar of Vehumet.
    97 | D        | Found a glowing silver altar of Zin.
    97 | D        | Found a hazy altar of Hepliaklqana.
    97 | D        | Found a sacrificial altar of Ru.
    97 | D        | Found a shimmering altar of Xom.
    98 | D        | Found a stormy altar of Qazlal.
    98 | D        | Found an ornate altar of the Wu Jian Council.
    98 | D        | Found a glowing golden altar of the Shining One.
   104 | D        | Became a worshipper of Sif Muna the Loreminder
   119 | D        | Noticed a kraken
   234 | D        | Learned a level 3 spell: Inner Flame
   239 | D        | Learned a level 4 spell: Flame Wave
   246 | D        | Learned a level 6 spell: Starburst
   250 | D        | Learned a level 3 spell: Swiftness
   273 | D        | Reached skill level 11 in Fire Magic
   390 | D        | Reached * piety under Sif Muna
   391 | D        | Reached XP level 8. HP: 33/47 MP: 11/20
   396 | D        | Noticed a flying skull
   402 | D        | Noticed a deep troll
   402 | D        | Noticed a deep troll
   406 | D        | Noticed a flying skull
   406 | D        | Noticed a flying skull
   406 | D        | Noticed a flying skull
   406 | D        | Noticed a flying skull
   406 | D        | Noticed a flying skull
   419 | D        | Killed a deep troll
   420 | D        | Reached skill level 12 in Fire Magic
   420 | D        | Reached skill level 1 in Air Magic
   786 | D        | Killed a deep troll
   787 | D        | Reached skill level 10 in Spellcasting
   787 | D        | Reached skill level 5 in Invocations
   787 | D        | Reached XP level 9. HP: 52/52 MP: 10/23
   826 | D        | Noticed an obsidian statue
   838 | D        | Learned a level 6 spell: Summon Cactus Giant
   864 | D        | Reached ** piety under Sif Muna
   892 | D        | Noticed a yaktaur
   892 | D        | Noticed a hornet
   892 | D        | Noticed a polar bear
   894 | D        | Noticed a polar bear
   899 | D        | Killed a polar bear
   900 | D        | Reached skill level 1 in Hexes
   900 | D        | Reached skill level 1 in Summonings
   901 | D        | Killed a polar bear
   901 | D        | Killed a hornet
   902 | D        | Reached skill level 13 in Fire Magic
  1029 | D        | Killed a yaktaur
  1029 | D        | Reached *** piety under Sif Muna
  1134 | D        | Noticed a polar bear
  1138 | D        | Killed a polar bear
  1138 | D        | Noticed a death drake
  1146 | D        | Killed a death drake
  1147 | D        | Reached XP level 10. HP: 15/57 MP: 2/25
  1300 | D        | Found Umokho's Distillery.
  1300 | D        | Found Misoze Piri's Antique Armour Emporium.
  1300 | D        | Found Kaeb's Jewellery Shoppe.
  1300 | D        | Found Malyilat's Weapon Emporium.
  1300 | D        | Found Jophuddu's Jewellery Shoppe.
  1300 | D        | Found Fehaont's Armour Shoppe.
  1300 | D        | Found Hydd's Magic Scroll Shoppe.
  1301 | D        | Found Ijadew's Distillery.
  1301 | D        | Found Kingiggo's Antique Armour Shoppe.
  1302 | D        | Found Ykisug's Book Shoppe.
  1302 | D        | Noticed an iron elemental
  1310 | D        | Reached **** piety under Sif Muna
  1314 | D        | Found Acsuqiom's Jewellery Emporium.
  1314 | D        | Found Leujice's Jewellery Shoppe.
  1314 | D        | Noticed an oklob plant
  1330 | D        | Found Savvituclo's Book Shoppe.
  1330 | D        | Found Gesud's Antique Weapon Emporium.
  1330 | D        | Found Fodye's Book Shoppe.
  1342 | D        | Noticed an ice dragon
  1351 | D        | Bought a book of Minor Magic for 180 gold pieces
  1351 | D        | Bought a book of Spatial Translocations for 180 gold pieces
  1355 | D        | Learned a level 3 spell: Mephitic Cloud
  1358 | D        | Learned a level 2 spell: Blink
  1361 | D        | Learned a level 2 spell: Call Imp
  1365 | D        | Bought a ring of fire for 300 gold pieces
  1381 | D        | Killed a boulder beetle
  1382 | D        | Reached skill level 5 in Summonings
  1382 | D        | Reached skill level 14 in Fire Magic
  1438 | D        | Killed a boulder beetle
  1554 | D        | Bought an embroidered hat for 133 gold pieces
  1562 | D        | Bought the ring "Jiewuikk" {rPois rN+ Will+} for 525 gold
                  | pieces
  1571 | D        | Bought a potion of lignification for 36 gold pieces
  1588 | D        | Noticed a centaur warrior
  1588 | D        | Noticed Kirke
  1588 | D        | Noticed a yaktaur captain
  1596 | D        | Noticed a skeletal warrior
  1599 | D        | Noticed a kobold demonologist
  1609 | D        | Killed a centaur warrior
  1610 | D        | Reached skill level 1 in Poison Magic
  1610 | D        | Killed a skeletal warrior
  1610 | D        | Reached ***** piety under Sif Muna
  1625 | D        | Killed Kirke
  1626 | D        | Reached skill level 10 in Conjurations
  1626 | D        | Reached skill level 15 in Fire Magic
  1626 | D        | Reached XP level 11. HP: 55/62 MP: 5/28
  1628 | D        | Received a gift from Sif Muna
  1631 | D        | Got Zidiblye's Precepts of Adjuration and Displacement {god
                  | gift}
  1636 | D        | Learned a level 3 spell: Vhi's Electric Charge
  1637 | D        | Killed a yaktaur captain
  1638 | D        | Learned a level 1 spell: Summon Small Mammal
  1642 | D        | Reached skill level 10 in Invocations
  1680 | D        | Received a gift from Sif Muna
  1681 | D        | Got Ulumpafi's Octavo of the Wendigo and Permutations {god
                  | gift}
  2048 | D        | Reached skill level 1 in Translocations
  2102 | D        | Noticed a shining eye
  2102 | D        | Noticed a shining eye
  2102 | D        | Noticed a hell hog
  2102 | D        | Noticed a shining eye
  2102 | D        | Noticed a hell hog
  2116 | D        | Killed a hell hog
  2116 | D        | Reached ****** piety under Sif Muna
  2116 | D        | Received a gift from Sif Muna
  2118 | D        | Got Sif Muna's Almanac of the Fifth Circle {god gift}
  2120 | D        | Killed a hell hog
  2121 | D        | Reached skill level 16 in Fire Magic
  2124 | D        | Learned a level 3 spell: Hailstorm
  2139 | D        | Killed a shining eye
  2141 | D        | Killed a shining eye
  2142 | D        | Reached skill level 15 in Spellcasting
  2265 | D        | Killed a shining eye
  2266 | D        | Reached XP level 12. HP: 67/67 MP: 21/31
  2282 | D        | Found Dualokaath's Assorted Antiques.
  2282 | D        | Found Mehuxya's Magic Scroll Shop.
  2282 | D        | Found Axivoile's Armour Shop.
  2282 | D        | Found Bydd's Jewellery Shoppe.
  2282 | D        | Found Damaloc's Armour Boutique.
  2283 | D        | Found Bohuto Ufute's Antique Weapon Shoppe.
  2283 | D        | Found Akuimoq's General Store.
  2283 | D        | Found Kicyico's Armour Emporium.
  2283 | D        | Found Vigoomea's General Store.
  2283 | D        | Found Digad's Antique Armour Emporium.
  2283 | D        | Found Luodeotz's Armour Shop.
  2283 | D        | Found Guezxi's Armour Shoppe.
  2295 | D        | Bought the ring "Cajuhad" {Contam rF+ MP+9 Int+3} for 347
                  | gold pieces
  2320 | D        | Noticed a cacodemon
  2320 | D        | Noticed a golden dragon
  2320 | D        | Noticed a storm dragon
  2322 | D        | Noticed a bone dragon
  2323 | D        | Noticed a frost giant
  2324 | D        | Noticed a deep elf high priest
  2333 | D        | Killed a frost giant
  2333 | D        | Received a gift from Sif Muna
  2334 | D        | Reached skill level 1 in Fighting
  2334 | D        | Slain by a golden dragon

Illustrated notes

Levels and vault maps discovered:
D:        the_violet_keep_of_menkaure [sprint2_stairs_cluster_1,
          sprint2_shoproom, sprint2_temple, sprint2_basic_supplies,
          sprint2_obstacle_7, sprint2_obstacle_3, sprint2_obstacle_1,
          sprint2_obstacle_6, sprint2_obstacle_4, sprint2_timed_cluster_1,
          sprint2_smallroom_cluster_1, sprint2_smallroom_final_cluster_1,
          sprint2_transparent_cluster_1, sprint2_second_timed_cluster_1,
          sprint2_sniper_area_1, sprint2_heavy_combat_area_1,
          sprint2_mutation_trap_area_1, sprint2_forest_area_1,
          sprint2_light_combat_area_1, sprint2_behind_water_1,
          sprint2_near_end_vault_1]

Skill      XL: |  1  2  3  4  5  6  7  8  9 10 11 12 |
---------------+-------------------------------------+-----
Dodging        | 3 4 5 |  5.9
Stealth        | 4 5 6 |  6.5
Spellcasting   | 3 4 6 8 10 11 13 15 | 15.6
Fire Magic     | 6 7 8 10 11 12 13 15 16 | 16.6
Unarmed Combat | 1 |  1.3
Conjurations   | 3 5 6 7 9 10 | 10.5
Invocations    | 3 5 7 9 11 12 | 12.1
Air Magic      | 1 |  1.7
Hexes          | 2 3 |  3.6
Summonings     | 4 7 8 |  8.2
Poison Magic   | 1 2 |  2.0
Translocations | 1 |  1.2
Fighting       | 1 |  1.0

Action                     |  1- 3 |  4- 6 |  7- 9 | 10-12 || total
---------------------------+-------+-------+-------+-------++-------
  Melee: Unarmed           |     5 |     4 |     8 |    12 ||    29
         Tentacles         |     1 |     3 |     5 |     3 ||    12
         Constrict         |     1 |     2 |     2 |     2 ||     7
         Punch             |       |       |       |     2 ||     2
   Cast: Foxfire           |     1 |       |    42 |    31 ||    74
         Scorch            |       |     7 |    29 |    55 ||    91
         Flame Wave        |       |       |     4 |     4 ||     8
         Swiftness         |       |       |     1 |       ||     1
         Inner Flame       |       |       |     7 |     8 ||    15
         Starburst         |       |       |     3 |    10 ||    13
         Mephitic Cloud    |       |       |       |    11 ||    11
         Blink             |       |       |       |     3 ||     3
         Summon Cactus Gia |       |       |       |    10 ||    10
         Call Imp          |       |       |       |     1 ||     1
         Hailstorm         |       |       |       |     1 ||     1
 Invoke: Channel Magic     |       |       |       |     6 ||     6
         Forget Spell      |       |       |       |     1 ||     1
    Use: Potion            |     1 |     1 |     1 |     4 ||     7
         Scroll            |       |       |     1 |     6 ||     7
 Armour: Skin              |       |       |       |     7 ||     7
  Dodge: Dodged            |     2 |     2 |    16 |    28 ||    48

Table legend: (Time is in decaauts)
 A = Elapsed time spent in this place.
 B = Non-inter-level travel time spent in this place.
 C = Inter-level travel time spent in this place.
 D = Time resting spent in this place.
 E = Time spent auto-exploring this place.
 F = Levels seen in this place.
 G = Mean time per level.
                   A        B        C        D        E       F      G
               +--------+--------+--------+--------+--------+-----+--------+
         Total |   2339 |   2335 |      4 |    892 |      0 |   1 | 2339.0 |
       Dungeon |   2339 |   2335 |      4 |    892 |      0 |   1 | 2339.0 |
               +--------+--------+--------+--------+--------+-----+--------+

Top non-repeatable levels by time:
       D: 2339 daAuts
